 Dungeon Crawl Stone Soup version 0.30.0-15-g856e2d3f33 (webtiles) character file.

Game seed: 6810353163121551447

1257 qw the Blocker (level 8, -11/48 HPs)
             Began as a Gargoyle Fighter on May 19, 2023.
             Was a Follower of Okawaru.
             Mangled by an ogre
             ... wielding a +0 giant spiked club
              (18 damage)
             ... on level 6 of the Dungeon.
             The game lasted 00:02:14 (3499 turns).

qw the Blocker (Gargoyle Fighter)                   Turns: 3499, Time: 00:02:15

Health: -11/48     AC: 19    Str: 22    XL:     8   Next: 51%
Magic:  6/9        EV:  8    Int:  9    God:    Okawaru [*.....]
Gold:   125        SH: 16    Dex:  9    Spells: 7/7 levels left

rFire   + + .        Y - +0 war axe
rCold   . . .        r - +0 tower shield
rNeg    + . .        i - +0 chain mail
rPois   inf          s - +0 helmet
rElec   +            (no cloak)
rCorr   .            c - +0 pair of gloves
SInv    .            (no boots)
Will    .....        (no amulet) Stlth
                     a - ring of protection from fire
HPRegen 0.28/turn    j - ring of protection from fire
MPRegen 0.11/turn

%: no passive effects
@: heroic
A: sickness immunity, AC +5, negative energy resistance 1, electricity
resistance, torment resistance 1, petrification resistance
a: Renounce Religion, Heroism


You were on level 6 of the Dungeon.
You worshipped Okawaru.
Okawaru was aware of your devotion.
You visited 1 branch of the dungeon, and saw 6 of its levels.

You collected 186 gold pieces.
You spent 61 gold pieces at shops.


Innate Abilities, Weirdness & Mutations

You are immune to sickness and miasma.
Your stone body is resilient. (AC +5)
You are immune to poison.
You resist negative energy. (rN+)
You are resistant to electric shocks. (rElec)
You are resistant to unholy torment.
You are immune to petrification.


   Skills:
 - Level 4.1(9.1) Fighting
 - Level 6.3(11.3) Axes
 - Level 3.2(8.2) Armour
 - Level 1.3(6.3) Dodging
 + Level 8.0(13.0) Shields
 + Level 1.4 Invocations


You had 7 spell levels left.
You didn't know any spells.
Your spell library was empty.

Inventory:

Hand Weapons
 o - a +0 flail
 Y - a +0 war axe (weapon)
Armour
 c - a +0 pair of gloves (worn)
 e - the +0 robe of Sudwoawn {rCorr}
   (You found it on level 3 of the Dungeon)

   rCorr:     It protects you from acid and corrosion.
 i - a +0 chain mail (worn)
 r - a +0 tower shield (worn)
 s - a +0 helmet (worn)
Jewellery
 a - a ring of protection from fire (left hand)
 j - a ring of protection from fire (right hand)
 n - a ring of resist corrosion
Scrolls
 h - 2 scrolls of identify
Potions
 d - a potion of might
 f - a potion of magic
 k - a potion of attraction

Dungeon Overview and Level Annotations

Branches:
Dungeon (6/15)             Temple (0/1) D:4

Altars:
Ashenzari
Dithmenos
Okawaru
Yredelemnul

Shops:
D:3 ?=(   D:4 !

Portals:
Ossuary: D:6

Annotations:
D:3 1 runed translucent door, qw's ghost, amateur GrFi


Message History

The gnoll is severely wounded.
You barely miss the gnoll.
You block the gnoll's attack. x2; The gnoll barely misses you.
The gnoll completely misses you. The gnoll hits you but does no damage.
An ogre comes into view. It is wielding a +0 giant club.
The gnoll barely misses you.
3492 ||| INVOKING Heroism.
You gain the combat prowess of a mighty hero.
The ogre shouts!
The gnoll hits you with a +0 whip. The gnoll hits you but does no damage.
You block the gnoll's attack.
You slash the gnoll!
You kill the gnoll!
Okawaru accepts your kill.
You slash the gnoll! You block the gnoll's attack.
The gnoll closely misses you.
You hit the gnoll.
The gnoll is severely wounded.
You block the gnoll's attack. x2
You hit the gnoll.
You kill the gnoll!
Okawaru accepts your kill.
The gnoll hits you from afar with a +0 spear.
Your base Shields skill increases to level 8!
You completely miss the ogre. The gnoll hits you but does no damage.
The ogre hits you with a +0 giant spiked club!!
You barely miss the ogre. x2
You block the gnoll's attack. You block the ogre's attack.
You hit the ogre.
The ogre is lightly wounded.
You hit the ogre but do no damage. The ogre barely misses you.
You block the gnoll's attack. The ogre hits you with a +0 giant club!
You barely miss the ogre.
The ogre is lightly wounded.
You hit the ogre. You block the gnoll's attack.
The ogre hits you with a +0 giant spiked club!!
You die...

. #.#.# ..#.#.##
..# #.#.#..# ..
#.#.#.####...
###.#.......#
+.....#.###.##
#.....#..#.?.#
#.....#....\.#
#.....#.#.O@.#
#.....#.###O##
#.....#.#...g......
#.....#.#..........
#.....#.#..........
#.....#.#..........
#.....#.#..........
#.(...# #.........O
#.#'### #..........


You could see 2 ogres and a gnoll.

Vanquished Creatures
  Grinder (D:5)
  Sigmund (D:2)
  A black bear (D:6)
  3 howler monkeys
  An orc priest (D:4)
  5 hounds
  2 jellies (D:5)
  A sleepcap (D:5)
  Jessica (D:3)
  4 iguanas (D:5)
  2 orc wizards
  9 gnolls
  6 adders
  2 ufetubi (D:5)
  2 dart slugs
  8 orcs
  8 ball pythons
  3 bats
  8 endoplasms
  6 giant cockroaches
  5 hobgoblins
  11 kobolds
  4 quokkas
  2 frilled lizards (D:1)
  11 goblins
  An orc zombie (D:6)
  5 rats
  A butterfly (D:4)
114 creatures vanquished.

Notes
Turn   | Place    | Note
-------+----------+-------------------------------------------
     0 | D:1      | qw the Gargoyle Fighter began the quest for the Orb.
     0 | D:1      | Reached XP level 1. HP: 14/14 MP: 1/1
     0 | D:1      | 0 ||| qw: Version: 0.2-a-96-g8eb1148
     0 | D:1      | 0 ||| qw: Game counter: 19
     0 | D:1      | 0 ||| qw: Always use a shield: true
     0 | D:1      | 0 ||| qw: God list: Okawaru
     0 | D:1      | 0 ||| qw: Allow faded altars: false
     0 | D:1      | 0 ||| qw: Do Orc after D:15 true
     0 | D:1      | 0 ||| qw: Do second Lair branch before Depths: true
     0 | D:1      | 0 ||| qw: Lair rune preference: random
     0 | D:1      | 0 ||| qw: Plans: Normal, Zot:1-4, God:TSO, Crypt, Tomb,
                  | Pan, Slime:5, Hells, Abyss, Win
     0 | D:1      | 0 ||| PLANNING D:1-11
    17 | D:1      | 17 ||| Stepping ~*~*~tactically~*~*~ (hiding).
    18 | D:1      | 18 ||| Stepping ~*~*~tactically~*~*~ (hiding).
    19 | D:1      | 19 ||| Stepping ~*~*~tactically~*~*~ (hiding).
    20 | D:1      | 20 ||| Stepping ~*~*~tactically~*~*~ (hiding).
    70 | D:1      | Found a faded altar of an unknown god.
   152 | D:1      | Reached XP level 2. HP: 19/19 MP: 2/2
   588 | D:1      | Reached skill level 3 in Axes
   673 | D:1      | 673 ||| UPGRADING to ring of resist corrosion.
   674 | D:1      | 674 ||| READING scroll labelled TIABRO YKYTEWN.
   679 | D:1      | 679 ||| READING 3 scrolls labelled GAFIEL ZUVOLEP.
   680 | D:1      | 680 ||| READING scroll labelled TIGGUL ITEILOA.
   681 | D:1      | 681 ||| DRINKING 3 emerald potions.
   682 | D:1      | 682 ||| READING 2 scrolls of identify.
   682 | D:1      | 682 ||| IDENTIFYING sedimented dark potion
   729 | D:2      | Noticed Sigmund
   734 | D:2      | 734 ||| DRINKING 2 potions of curing.
   734 | D:2      | 734 ||| (to cure confusion)
   741 | D:2      | Reached XP level 3. HP: 13/23 MP: 3/3
   745 | D:2      | HP: 3/23 [something (7)]
   746 | D:2      | Killed Sigmund
   747 | D:2      | Reached XP level 4. HP: 4/28 MP: 4/4
   747 | D:2      | Reached XP level 5. HP: 4/32 MP: 5/5
   900 | D:2      | 900 ||| Stepping ~*~*~tactically~*~*~ (stealth).
  1276 | D:2      | 1276 ||| READING 6 scrolls labelled HOOQOI FELEAPE.
  1277 | D:2      | 1277 ||| READING scroll labelled AZIRYPRICKU.
  1278 | D:2      | 1278 ||| READING scroll labelled JAKAUPENWEPTU.
  1279 | D:2      | 1279 ||| READING scroll labelled KASY LOCLU.
  1280 | D:2      | 1280 ||| DROPPING 5 scrolls of magic mapping.
  1418 | D:3      | Found a shadowy altar of Dithmenos.
  1421 | D:3      | Found a runed translucent door.
  1424 | D:3      | Noticed qw's ghost (amateur GrFi)
  1430 | D:3      | Noticed Jessica
  1433 | D:3      | Found Wioga's Antique Weapon Shop.
  1435 | D:3      | Killed Jessica
  1436 | D:3      | Reached XP level 6. HP: 36/38 MP: 6/6
  1454 | D:3      | 1454 ||| SHOPLISTING runed war axe (149 gold, have 47).
  1475 | D:3      | Identified the +0 robe of Sudwoawn {rCorr}
  1485 | D:3      | Found Patusioh's Jewellery Boutique.
  1501 | D:3      | 1501 ||| SHOPLISTING amulet of guardian spirit (420 gold,
                  | have 47).
  1501 | D:3      | 1501 ||| SHOPLISTING ring of ice (350 gold, have 47).
  1501 | D:3      | 1501 ||| SHOPLISTING ring of positive energy (280 gold,
                  | have 47).
  1526 | D:3      | Found Liphuot's Magic Scroll Shop.
  1537 | D:3      | 1537 ||| BUYING scroll of identify (28 gold).
  1537 | D:3      | Bought a scroll of identify for 28 gold pieces
  1537 | D:3      | 1537 ||| SHOPLISTING scroll of identify (28 gold, have 19).
  1537 | D:3      | 1537 ||| SHOPLISTING scroll of teleportation (42 gold, have
                  | 19).
  1755 | D:3      | Found the +7 Throatcutter {drain, coup de grace}
  1764 | D:3      | 1764 ||| DROPPING +0 club.
  1808 | D:3      | 1808 ||| UPGRADING to ring of protection from fire.
  1809 | D:3      | 1809 ||| DROPPING ring of magical power.
  1810 | D:3      | 1810 ||| READING scroll labelled ZYXZAOSSYF.
  1811 | D:3      | 1811 ||| READING scroll labelled FUVEOS CYMPAE.
  1812 | D:3      | 1812 ||| READING scroll labelled PIARENKUECY.
  1813 | D:3      | 1813 ||| READING 2 scrolls of identify.
  1813 | D:3      | 1813 ||| IDENTIFYING glowing brown potion
  1814 | D:3      | 1814 ||| DROPPING potion of brilliance.
  1861 | D:4      | Found an iron altar of Okawaru.
  1862 | D:4      | 1862 ||| PLANNING OKAWARU WORSHIP
  1862 | D:4      | 1862 ||| READING scroll labelled ILYUDA ANLIAGRE.
  1879 | D:4      | Reached skill level 1 in Dodging
  1879 | D:4      | 1879 ||| DRINKING 2 potions of curing.
  1879 | D:4      | 1879 ||| (to cure confusion)
  1883 | D:4      | 1883 ||| DRINKING potion of curing.
  1883 | D:4      | 1883 ||| (to cure confusion)
  1942 | D:4      | Became a worshipper of Warmaster Okawaru
  1942 | D:4      | 1942 ||| PLANNING D:1-11
  2011 | D:4      | Found a basalt altar of Yredelemnul.
  2070 | D:4      | 2070 ||| DROPPING +0 whip.
  2097 | D:4      | 2097 ||| Stepping ~*~*~tactically~*~*~ (stealth).
  2099 | D:4      | 2099 ||| Stepping ~*~*~tactically~*~*~ (stealth).
  2133 | D:4      | Found Yhuyroing's Distillery.
  2141 | D:4      | 2141 ||| BUYING potion of curing (33 gold).
  2141 | D:4      | Bought a potion of curing for 33 gold pieces
  2141 | D:4      | 2141 ||| SHOPLISTING potion of haste (110 gold, have 36).
  2141 | D:4      | 2141 ||| SHOPLISTING potion of heal wounds (55 gold, have
                  | 36).
  2141 | D:4      | 2141 ||| SHOPLISTING potion of might (44 gold, have 36).
  2141 | D:4      | 2141 ||| SHOPLISTING potion of mutation (88 gold, have 36).
  2240 | D:4      | Reached skill level 6 in Axes
  2273 | D:4      | Reached XP level 7. HP: 41/43 MP: 7/7
  2332 | D:4      | Found a staircase to the Ecumenical Temple.
  2457 | D:4      | 2457 ||| UPGRADING to +0 chain mail.
  2467 | D:4      | 2467 ||| DROPPING +0 scale mail.
  2468 | D:4      | 2468 ||| UPGRADING to +0 tower shield.
  2478 | D:4      | 2478 ||| DROPPING +0 buckler.
  2479 | D:4      | 2479 ||| UPGRADING to +0 helmet.
  2484 | D:4      | 2484 ||| UPGRADING to ring of protection from fire.
  2486 | D:4      | 2486 ||| READING scroll labelled WIARIUKKIXT.
  2587 | D:4      | 2587 ||| DRINKING 3 metallic golden potions.
  2588 | D:4      | 2588 ||| READING 2 scrolls of identify.
  2588 | D:4      | 2588 ||| IDENTIFYING dark potion
  2589 | D:4      | 2589 ||| DROPPING 2 potions of flight.
  2602 | D:5      | Entered Level 5 of the Dungeon
  2608 | D:5      | 2608 ||| DRINKING potion of curing.
  2608 | D:5      | 2608 ||| (to cure confusion)
  2619 | D:5      | Reached skill level 4 in Shields
  2640 | D:5      | Reached * piety under Okawaru
  2680 | D:5      | 2680 ||| INVOKING Heroism.
  2683 | D:5      | Reached skill level 5 in Shields
  2726 | D:5      | 2726 ||| Stepping ~*~*~tactically~*~*~ (stealth).
  2727 | D:5      | Noticed Grinder
  2728 | D:5      | 2728 ||| INVOKING Heroism.
  2745 | D:5      | Killed Grinder
  2746 | D:5      | Reached skill level 6 in Shields
  2746 | D:5      | Reached XP level 8. HP: 45/48 MP: 8/8
  2899 | D:5      | Found a broken altar of Ashenzari.
  2928 | D:5      | Reached skill level 7 in Shields
  3208 | D:5      | 3208 ||| INVOKING Heroism.
  3347 | D:5      | 3347 ||| UPGRADING to +0 pair of gloves.
  3352 | D:5      | 3352 ||| DROPPING ring of fire.
  3353 | D:5      | 3353 ||| DRINKING 2 metallic amethyst potions.
  3354 | D:5      | 3354 ||| DROPPING potion of invisibility.
  3372 | D:6      | 3372 ||| PLANNING SEWER
  3471 | D:6      | Found a sand-covered staircase.
  3479 | D:6      | 3479 ||| Stepping ~*~*~tactically~*~*~ (stealth).
  3490 | D:6      | Reached skill level 1 in Invocations
  3492 | D:6      | 3492 ||| INVOKING Heroism.
  3496 | D:6      | Reached skill level 8 in Shields
  3498 | D:6      | HP: 7/48 [ogre/+0 giant club (15)]
  3499 | D:6      | Mangled by an ogre

Levels and vault maps discovered:
D:1:      lemuel_arrival_hallway, layout_loops_ring,
          ebering_ecumenical_altar_box, hangedman_decor_push
D:2:      layout_rooms, uniq_sigmund
D:3:      layout_rooms, general_overflow_altar, serial_shops,
          nicolae_shop_temple_entry_statues_fountains, nicolae_shop_statue_plus,
          shop, hellmonk_ghost_happy_afterlife, dilly_guarded_unrand_throatcut,
          uniq_jessica
D:4:      layout_basic, okawaru_gym_becter, mainiacjoe_overflow_alcove_2,
          minmay_temple_entry_butterflies, serial_shops,
          nicolae_shop_temple_entry_statues_fountains, grunt_ministairs_4
D:5:      layout_loops_ring, ashenzari_altar_1, uniq_grinder
D:6:      layout_basic, nicolae_overflow_hidden_temple, portal_sewer_entry_e,
          enter_ossuary_3, uniq_pikel

Skill      XL: |  1  2  3  4  5  6  7  8 |
---------------+-------------------------+-----
Axes           | 2 3 5 6 |  6.3
Fighting       | 4 |  4.1
Dodging        | 1 |  1.3
Shields        | 6 8 |  8.0
Invocations    | 1 |  1.4
Armour         | |  3.2

Action                     |  1- 3 |  4- 6 |  7- 9 || total
---------------------------+-------+-------+-------++-------
  Melee: War axe           |    53 |   179 |   135 ||   367
  Throw: Boomerang         |       |       |    19 ||    19
 Invoke: Heroism           |       |       |     4 ||     4
    Use: Scroll            |     4 |     9 |     2 ||    15
         Potion            |     2 |     2 |     3 ||     7
 Armour: Scale mail        |    35 |    91 |     9 ||   135
         Chain mail        |       |       |    61 ||    61
  Dodge: Dodged            |    19 |    83 |    45 ||   147
  Block: Buckler           |     9 |    45 |     2 ||    56
         Tower shield      |       |       |   103 ||   103

Table legend:
 A = Non-vault XP
 B = Vault XP
 C = Vault XP percentage of total XP
 D = Non-vault monster count
 E = Vault monster count
 F = Vault count percentage of total count
                 A         B        C        D         E       F
            +---------+---------+-------+---------+---------+-------
      Total |    1236 |     561 |  31.2 |     100 |      13 |  11.5
            +---------+---------+-------+---------+---------+-------
        D:1 |      31 |       0 |   0.0 |      18 |       0 |   0.0
        D:2 |      33 |     226 |  87.3 |      19 |       1 |   5.0
        D:3 |      15 |      49 |  76.6 |       9 |       8 |  47.1
        D:4 |     351 |       4 |   1.1 |      26 |       2 |   7.1
        D:5 |     580 |     281 |  32.6 |      22 |       1 |   4.3
        D:6 |     226 |       1 |   0.4 |       6 |       1 |  14.3
            +---------+---------+-------+---------+---------+-------
